 Dungeon Sprint DCSS version 0.24-a0-246-gb963c9a (webtiles) character file.

Game seed: 1453636073978354290

1687 MikeHunt the Cruncher (level 9, -4/78 HPs)
             Began as a Formicid Fighter on Apr 12, 2019.
             Was a Priest of Okawaru.
             Slain by an orc knight
             ... wielding a +0 war axe
              (11 damage)
             ... in the Dungeon (Sprint III: "The Ten Rune Challenge").
             The game lasted 00:04:55 (1102 turns).

MikeHunt the Cruncher (Formicid Fighter)            Turns: 1102, Time: 00:04:56

Health: -4/78      AC: 13    Str: 19    XL:     9   Next: 22%
Magic:  12/13      EV: 12    Int:  8    God:    Okawaru [***...]
Gold:   42         SH: 14    Dex: 11    Spells: 8/8 levels left

rFire    . . .     SeeInvis +   a - +0 quarterstaff
rCold    . . .     Gourm    .   c - +0 shield
rNeg     . . .     Faith    .   b - +0 scale mail
rPois    .         Spirit   .   (helmet unavailable)
rElec    .         Reflect  .   g - +0 cloak
rCorr    .         Harm     .   (no gloves)
MR       .....                  (no boots)
Stlth    +.........             (no amulet)
HPRegen  0.23/turn              (no ring)
MPRegen  0.13/turn              (no ring)

@: heroism
A: permanent stasis, dig shafts and tunnels, four strong arms, antennae 3,
iridescent scales 1, clumsy 1, shaggy fur 1, weak 1
a: Dig, Heroism, Renounce Religion


You were in the Dungeon.
You worshipped Okawaru.
Okawaru was most pleased with you.
You were not hungry.

You visited 1 branch You collected 42 gold pieces.

Inventory:

Hand Weapons
 a - a +0 quarterstaff (weapon)
Missiles
 l - 8 stones (quivered)
Armour
 b - a +0 scale mail (worn)
 c - a +0 shield (worn)
 g - a +0 cloak (worn)
Scrolls
 k - a scroll of blinking
 p - a scroll of immolation {unknown}
 q - 3 scrolls of identify
 r - 2 scrolls of remove curse
 t - a scroll of holy word {unknown}
 u - a scroll of fog {unknown}
Potions
 h - a potion of haste
 i - 2 potions of magic
 j - a potion of berserk rage
 m - a potion of agility {unknown}
 o - 2 potions of mutation
 s - 4 potions of flight
Comestibles
 d - 3 chunks of flesh {@w1}
 f - 4 rations


   Skills:
 - Level 10.2(15.2) Fighting
 + Level 13.1(18.1) Staves
 + Level 6.8(11.8) Armour
 + Level 0.0(5.0) Dodging
 - Level 10.6(15.6) Shields
 - Level 6.3 Invocations


You had 8 spell levels left.
You didn't know any spells.
Your spell library contained the following spells:

 Spells                   Type           Power        Failure   Level  Hunger
 Animate Skeleton         Necr           N/A          71%         1    ##.....
 Apportation              Tloc           #.....       71%         1    ##.....
 Confusing Touch          Hex            #.....       71%         1    ##.....
 Summon Small Mammal      Summ           #...         71%         1    ##.....


Dungeon Overview and Level Annotations

Branches:
Dungeon (1/1)

Altars:
Dithmenos
Elyvilon
Kikubaaqudgha
Okawaru
Ru
Sif Muna
Trog
Uskayaw
Vehumet
Wu Jian
Yredelemnul
Zin
The Shining One
Beogh


Innate Abilities, Weirdness & Mutations

You cannot be hasted, slowed, berserked, paralysed or teleported.
You can dig through walls and to a lower floor.
Your four strong arms can wield two-handed weapons with a shield.
You have a pair of large antennae on your head. (SInv)
You are partially covered in iridescent scales. (AC +2)
You are clumsy. (Dex -2)
You are covered in fur. (AC +1)
You are weak. (Str -2)


Message History

You closely miss the orc knight.
The orc knight is moderately wounded.
You thump the orc knight!
The orc knight is heavily wounded.
You block the orc knight's attack.
You barely miss the orc knight.
The orc knight is heavily wounded.
You bludgeon the orc knight!!
The orc knight is severely wounded.
The orc knight hits you with a +0 war axe!
* * * LOW HITPOINT WARNING * * *
Press: ? - help, v - describe, . - travel
Here: an orc knight, wielding a +0 war axe and wearing a cursed +0 chain mail (severely wounded)
The floor, spattered with blood.
You closely miss the orc knight.
The orc knight is severely wounded.
You sock the orc knight!
The orc knight is almost dead.
The orc knight hits you with a +0 war axe!
You die...

▓▓▓▓▓▓▓▓▓ ▓▓▓
▓<..#...#### ##.#
▓...#......#####..#
▓..##.......#{.#..#
▓##.##.##{..#{.#..#
##.##.###{.##{#..#
▓#@####.##..###{{o'
▓o###..##..####...#
▓#{{{..##..###....#
###{.##..o##{....#
##..##....#......#
#..###..##o#.....#
#..# #.. ####....#
▓▓▓▓ ▓▓▓ ▓▓▓▓▓▓ { {


You could see an orc knight.

Vanquished Creatures
  An orc high priest (D)
  A deep elf mage (D)
  A shadow (D)
  A necrophage (D)
  A water elemental (D)
  A jelly (D)
  A wizard (D)
  A necromancer (D)
  3 humans (D)
  A kobold demonologist (D)
  An ooze (D)
  A phantom (D)
  3 rats (D)
17 creatures vanquished.

Vanquished Creatures (others)
  2 draconian scorchers (D)
  6 hellions (D)
  2 yaktaurs (D)
10 creatures vanquished.

Grand Total: 27 creatures vanquished

Notes
Turn   | Place    | Note
-------+----------+-------------------------------------------
     0 | D        | MikeHunt the Formicid Fighter began the quest for the Orb.
     0 | D        | Reached XP level 1. HP: 18/18 MP: 1/1
     9 | D        | Reached skill level 3 in Staves
    30 | D        | Reached XP level 2. HP: 24/24 MP: 2/2
    78 | D        | Reached skill level 4 in Staves
    78 | D        | Reached XP level 3. HP: 11/29 MP: 3/3
    85 | D        | Killed a hellion
    89 | D        | Killed a hellion
    90 | D        | Killed a hellion
    91 | D        | Killed a hellion
    93 | D        | Killed a hellion
    94 | D        | Killed a hellion
   176 | D        | Killed a white draconian scorcher
   203 | D        | Killed a white draconian scorcher
   241 | D        | Gained mutation: Scrolls take you a little longer to read.
                  | [potion of mutation]
   241 | D        | Gained mutation: You are somewhat resistant to further
                  | mutation. [potion of mutation]
   242 | D        | Lost mutation: Scrolls take you a little longer to read.
                  | [potion of mutation]
   242 | D        | Lost mutation: You are somewhat resistant to further
                  | mutation. [potion of mutation]
   242 | D        | Gained mutation: You are clumsy. (Dex -2) [potion of
                  | mutation]
   242 | D        | Gained mutation: You are weak. (Str -2) [potion of
                  | mutation]
   242 | D        | Gained mutation: You are covered in fur. (AC +1) [potion of
                  | mutation]
   242 | D        | Gained mutation: You are partially covered in iridescent
                  | scales. (AC +2) [potion of mutation]
   268 | D        | Noticed a water elemental
   277 | D        | Killed a water elemental
   277 | D        | Reached skill level 6 in Staves
   277 | D        | Reached XP level 4. HP: 10/35 MP: 4/4
   386 | D        | Killed a yaktaur
   504 | D        | Found a hide-covered altar of Uskayaw.
   504 | D        | Found an iron altar of Okawaru.
   505 | D        | Found a roughly hewn altar of Beogh.
   505 | D        | Found a bloodstained altar of Trog.
   505 | D        | Found an ornate altar of the Wu Jian Council.
   505 | D        | Noticed a human
   505 | D        | Noticed a human
   518 | D        | Killed a human
   518 | D        | Reached skill level 8 in Staves
   518 | D        | Reached skill level 10 in Shields
   518 | D        | Reached XP level 5. HP: 12/41 MP: 5/5
   518 | D        | Reached XP level 6. HP: 14/47 MP: 6/6
   524 | D        | HP: 1/47 [human (11)]
   530 | D        | Killed a human
   530 | D        | Reached skill level 9 in Staves
   530 | D        | Reached XP level 7. HP: 10/58 MP: 7/7
   536 | D        | Became a worshipper of Warmaster Okawaru
   733 | D        | Found a basalt altar of Yredelemnul.
   733 | D        | Found a shadowy altar of Dithmenos.
   733 | D        | Found a sacrificial altar of Ru.
   740 | D        | Reached skill level 10 in Staves
   782 | D        | Found a glowing silver altar of Zin.
   783 | D        | Found a glowing golden altar of the Shining One.
   783 | D        | Found a white marble altar of Elyvilon.
   783 | D        | Noticed a deep elf mage
   800 | D        | Killed a deep elf mage
   800 | D        | Reached * piety under Okawaru
   800 | D        | Reached skill level 10 in Fighting
   800 | D        | Reached skill level 12 in Staves
   800 | D        | Reached XP level 8. HP: 37/72 MP: 8/8
   804 | D        | Killed a yaktaur
   950 | D        | Found a radiant altar of Vehumet.
   951 | D        | Found a deep blue altar of Sif Muna.
   951 | D        | Found an ancient bone altar of Kikubaaqudgha.
  1010 | D        | Noticed a shadow
  1017 | D        | Killed a shadow
  1017 | D        | Reached ** piety under Okawaru
  1028 | D        | Noticed an orc knight
  1028 | D        | Noticed an orc high priest
  1028 | D        | Noticed an orc high priest
  1047 | D        | Noticed a sixfirhy
  1047 | D        | Killed an orc high priest
  1047 | D        | Reached *** piety under Okawaru
  1047 | D        | Reached skill level 13 in Staves
  1047 | D        | Reached XP level 9. HP: 61/78 MP: 8/13
  1058 | D        | Noticed an orange demon
  1058 | D        | Noticed an ice devil
  1102 | D        | Slain by an orc knight

Levels and vault maps discovered:
D:        dungeon_sprint_mu [sprint_mu_entry_cave, sprint_mu_temple_rooms,
          sprint_mu_d1_horrors, sprint_mu_d2_genie, sprint_mu_d3_branching,
          sprint_mu_orc_legion, sprint_mu_elf_gauntlet, sprint_mu_hive_nellie,
          sprint_mu_lair_fedhas, sprint_mu_vaults_butterflies,
          sprint_mu_slime_circle, sprint_mu_swamp_cave, sprint_mu_snake_twists,
          sprint_mu_blade_basic, sprint_mu_crypt_lich, sprint_mu_tomb_spiral,
          sprint_mu_vestibule_basic, sprint_mu_gehenna_hellfire,
          sprint_mu_dis_giant, sprint_mu_tartarus_statrot,
          sprint_mu_cocytus_islands, sprint_mu_zot1]

Skill      XL: |  1  2  3  4  5  6  7  8 |
---------------+-------------------------+-----
Staves         | 3 4 6 8 9 12 13 | 13.1
Shields        | 4 6 8 10 | 10.6
Fighting       | 6 10 | 10.2
Armour         | 6 |  6.8
Invocations    | 6 |  6.3

Action                   |  1- 3 |  4- 6 |  7- 9 || total
-------------------------+-------+-------+-------++-------
Melee: Quarterstaff      |    41 |    22 |    73 ||   136
Invok: Heroism           |       |       |     2 ||     2
 Abil: Dig               |       |       |     1 ||     1
  Use: Potion            |     2 |     2 |     2 ||     6
  Eat: Chunk             |       |       |     1 ||     1
Armor: Scale mail        |    10 |     4 |    12 ||    26
Dodge: Dodged            |     9 |     7 |     5 ||    21
Block: Shield            |    17 |     9 |    15 ||    41

Table legend:
 A = Non-vault XP
 B = Vault XP
 C = Vault XP percentage of total XP
 D = Non-vault monster count
 E = Vault monster count
 F = Vault count percentage of total count
                 A         B        C        D         E       F
            +---------+---------+-------+---------+---------+-------
      Total |       0 |    2410 | 100.0 |       0 |      17 | 100.0
            +---------+---------+-------+---------+---------+-------
          D |       0 |    2410 | 100.0 |       0 |      17 | 100.0
            +---------+---------+-------+---------+---------+-------
